 Dungeon Sprint DCSS version 0.28-a0-519-gbfeecf2fc5 (webtiles) character file.

Game seed: 17589634000768801462

12 dduke234 the Skirmisher (level 2, -3/28 HPs)
             Began as a Draconian Fighter on Sept 23, 2021.
             Was a Plaything of Xom.
             Slain by a scorpion (4 damage)
             ... in the Dungeon (Sprint VI: "Thunderdome").
             The game lasted 00:02:42 (206 turns).

dduke234 the Skirmisher (Draconian Fighter)          Turns: 206, Time: 00:02:42

Health: -3/28      AC:  4    Str: 18    XL:     2   Next: 27%
Magic:  2/2        EV: 13    Int:  8    God:    Xom [.*....]
Gold:   40         SH:  5    Dex: 14    Spells: 1/1 levels left

rFire   + . .      SeeInvis .   a - +0 long sword
rCold   + . .      Faith    .   b - +0 buckler
rNeg    . . .      Spirit   .   (armour unavailable)
rPois   .          Reflect  .   (helmet restricted)
rElec   .          Harm     .   (no cloak)
rCorr   .          Rampage  .   (no gloves)
Will    ++...      NoTele   +   (no boots)
Stlth   ++........              n - amulet "Kefud" {Acrobat rC+ Stlth+}
HPRegen 0.09/turn               p - ring of Zufier {Fly Will++}
MPRegen 0.08/turn               q - ring of Axaocia {rF+ Dex+4}

@: lethally poisoned (-3 -> -4), flying
A: AC +4, unfitting armour, cold-blooded
a: Renounce Religion


You were in the Dungeon.
You worshipped Xom.
You were a plaything of Xom.
You visited 1 branch You collected 220 gold pieces.
You spent 180 gold pieces at shops.

Inventory:

Hand Weapons
 a - a +0 long sword (weapon)
Armour
 b - a +0 buckler (worn)
Jewellery
 n - the amulet "Kefud" (around neck) {Acrobat rC+ Stlth+}
   (You bought it in a shop in the Dungeon)

   [amulet of the acrobat]

   It increases your evasion while moving and waiting.
   rC:        It protects you from cold.
   Stlth:     It makes you more stealthy.
 o - the ring of Obsession {Fly rPois MP+9}
   (You bought it in a shop in the Dungeon)

   [ring of magical power]

   rPois:     It protects you from poison.
   MP:        It affects your magic capacity (+9).
   Fly:       It grants you flight.
 p - the ring of Zufier (left hand) {Fly Will++}
   (You bought it in a shop in the Dungeon)

   [ring of flight]

   Fly:       It grants you flight.
   Will:      It greatly increases your willpower.
 q - the ring of Axaocia (right hand) {rF+ Dex+4}
   (You bought it in a shop in the Dungeon)

   [ring of protection from fire]

   Dex:       It affects your dexterity (+4).
   rF:        It protects you from fire.
Wands
 k - a wand of acid (5)
 l - a wand of iceblast (5)
Scrolls
 i - 4 scrolls of blinking
 m - 3 scrolls of fog
Potions
 c - a potion of might
 d - a potion of curing
 e - 4 potions of heal wounds
 f - 4 potions of haste
 g - 2 potions of magic
 h - a potion of berserk rage
 j - a potion of resistance


   Skills:
 * Level 4.7 Fighting
 * Level 2.5 Long Blades
 * Level 3.9 Dodging
 - Level 3.0 Shields


You had one spell level left.
You didn't know any spells.
Your spell library was empty.

Dungeon Overview and Level Annotations

Branches:
Dungeon (1/1)

Altars:
Cheibriados
Dithmenos
Fedhas
Gozag
Kikubaaqudgha
Makhleb
Okawaru
Qazlal
Ru
Sif Muna
Trog
Uskayaw
Vehumet
Wu Jian
Xom
Yredelemnul
Zin
The Shining One
Beogh
Jiyva
Lugonu

Shops:
D *[??*?*:[((!!!!


Innate Abilities, Weirdness & Mutations

Your plain brown scales are hard. (AC +4)
You cannot fit into any form of body armour.
You are cold-blooded and may be slowed by cold attacks.


Message History

There is an entrance to Boomacha's Staff Store here.
There is a glowing silver altar of Zin here.
There is an opulent altar of Gozag here.
There is a glowing golden altar of the Shining One here.
There is a corrupted altar of Lugonu here.
There is a shadowy altar of Dithmenos here.
There is an entrance to Loighuud's Distillery here.
There is an entrance to Inibyler's Distillery here.
There is an entrance to Icveusar's Bottled Wisdom here.
Done exploring.
Get ready!
ROUND 2!
FIGHT!
LIGHTNING ROUND!
A water moccasin and a scorpion come into view.
A scorpion comes into view.
The water moccasin hisses angrily.
The water moccasin misses you. The scorpion stings you.
You are poisoned.
The scorpion poisons you!
The water moccasin completely misses you.
You feel very sick.
Xom makes a sudden noise!
You hear a rumbling sound.
The water moccasin misses you. The scorpion closely misses you.
You feel sick. The water moccasin barely misses you.
The scorpion completely misses you.
A scorpion comes into view.
The water moccasin misses you.
You feel sick. The scorpion completely misses you.
The water moccasin bites you but does no damage.
You feel sick. You block the scorpion's attack. The water moccasin misses you.
The scorpion misses you.
You feel sick.
The water moccasin completely misses you. x2
You closely miss the water moccasin.
You feel sick. The water moccasin closely misses you.
The scorpion closely misses you. The water moccasin bites you.
You barely miss the water moccasin.
You feel sick. The scorpion stings you!
* * * LOW HITPOINT WARNING * * *
You block the water moccasin's attack. The scorpion stings you.
You die...
Xom roars with laughter!

.8.........8.######
.....###......_._∩##
...8.# #.8........∩###
.....###.............##
..###...###..........⌠#
..# #.<.# #..........⌠#
..###...###...s......⌠#
.....###........S....##
...8.# #.8....ss@.∩###
.....###......___∩##
.8.........8.######
⌠...........§#
##.........###
#........_# #_......._#
#_......._# #∩.......∩#


You could see a water moccasin and 3 scorpions.

Vanquished Creatures
  A river rat (D)
  2 quokkas (D)
  2 rats (D)
5 creatures vanquished.

Notes
Turn   | Place    | Note
-------+----------+-------------------------------------------
     0 | D        | dduke234 the Draconian Fighter began the quest for the Orb.
     0 | D        | Reached XP level 1. HP: 19/19 MP: 1/1
     1 | D        | Found a corrupted altar of Lugonu.
     1 | D        | Found a glowing golden altar of the Shining One.
     3 | D        | Found a radiant altar of Vehumet.
     3 | D        | Found a shimmering blue altar of Sif Muna.
     4 | D        | Found a snail-covered altar of Cheibriados.
     5 | D        | Found an iron altar of Okawaru.
     5 | D        | Found a viscous altar of Jiyva.
     5 | D        | Round 1.
     6 | D        | Found a stormy altar of Qazlal.
     6 | D        | Found Wyic Quwn's Identification Station.
     7 | D        | Found Meycoirch's Jewellery.
     7 | D        | Found Baeplol's Advanced Armour.
    20 | D        | Bought a bound bone amulet for 45 gold pieces
    20 | D        | Identified the amulet "Kefud" {Acrobat rC+ Stlth+} (You
                  | bought it in a shop in the Dungeon)
    20 | D        | Bought a scintillating wooden ring for 45 gold pieces
    20 | D        | Identified the ring of Obsession {Fly rPois MP+9} (You
                  | bought it in a shop in the Dungeon)
    20 | D        | Bought a glittering amber ring for 45 gold pieces
    20 | D        | Identified the ring of Zufier {Fly Will++} (You bought it
                  | in a shop in the Dungeon)
    20 | D        | Bought a glittering brass ring for 45 gold pieces
    20 | D        | Identified the ring of Axaocia {rF+ Dex+4} (You bought it
                  | in a shop in the Dungeon)
    44 | D        | Found a blossoming altar of Fedhas.
    45 | D        | Found a hide-covered altar of Uskayaw.
    45 | D        | Found Owkucann's Premium Goods.
    47 | D        | Found a bloodstained altar of Trog.
    47 | D        | Found a shimmering altar of Xom.
    47 | D        | Found a burning altar of Makhleb.
    47 | D        | Found Zyoleh's Weapon Rack.
    49 | D        | Found Doururpho's Miscellaneous Merchandise.
    49 | D        | Found Igewi's Basic Armour.
    60 | D        | Found a sacrificial altar of Ru.
    67 | D        | Became a worshipper of Xom the Psychopath
    87 | D        | Found an ornate altar of the Wu Jian Council.
    89 | D        | Found a basalt altar of Yredelemnul.
    90 | D        | Found Mupuh's Do-It-Yourself Clinic.
    91 | D        | Found a shadowy altar of Dithmenos.
    91 | D        | Found Loighuud's Distillery.
    92 | D        | Found Icveusar's Bottled Wisdom.
    92 | D        | Found Inibyler's Distillery.
   112 | D        | Reached skill level 4 in Fighting
   112 | D        | Reached XP level 2. HP: 27/28 MP: 2/2
   113 | D        | Found an opulent altar of Gozag.
   116 | D        | XOM: divination: detect items
   124 | D        | Found a glowing silver altar of Zin.
   126 | D        | Found Boomacha's Staff Store.
   127 | D        | Found Taxuviv's Must-Have Magic.
   127 | D        | Found Duipt's Magic Scroll Shop.
   128 | D        | Found an ancient bone altar of Kikubaaqudgha.
   128 | D        | Found Varyfoaj's Magic Scroll Shop.
   137 | D        | Arena points: 12 (+12) [x2]
   194 | D        | Round 2.
   195 | D        | Noticed a water moccasin
   195 | D        | Noticed a scorpion
   195 | D        | Noticed a scorpion
   200 | D        | XOM: noise
   201 | D        | Noticed a scorpion
   206 | D        | HP: 1/28 [scorpion (8)]
   206 | D        | Slain by a scorpion

Illustrated notes

Levels and vault maps discovered:
D:        arena_sprint

Skill      XL: |  1 |
---------------+----+-----
Dodging        | 3 |  3.9
Fighting       | 4 |  4.7
Long Blades    | |  2.5
Shields        | |  3.0

Action                   || total
-------------------------++-------
Melee: Long sword        ||    12
       Tailslap          ||     1
Armor: Skin              ||     3
Dodge: Dodged            ||    21
Block: Buckler           ||     3

Table legend: (Time is in decaauts)
 A = Elapsed time spent in this place.
 B = Non-inter-level travel time spent in this place.
 C = Inter-level travel time spent in this place.
 D = Time resting spent in this place.
 E = Time spent auto-exploring this place.
 F = Levels seen in this place.
 G = Mean time per level.
                   A        B        C        D        E       F      G
               +--------+--------+--------+--------+--------+-----+--------+
         Total |    208 |    208 |      0 |      0 |     51 |   1 |  208.0 |
       Dungeon |    208 |    208 |      0 |      0 |     51 |   1 |  208.0 |
               +--------+--------+--------+--------+--------+-----+--------+

Top non-repeatable levels by time:
       D: 208 daAuts
